 Dungeon Crawl Stone Soup version 0.27-a0-650-g8dd3ea4f36 (webtiles) character file.

Game seed: 15057362845231971124

4 lunkers the Skirmisher (level 1, -2/22 HPs)
             Began as an Ogre Gladiator on Mar 15, 2021.
             Slain by a goblin
             ... wielding a +0 dagger
              (4 damage)
             ... on level 1 of the Dungeon.
             The game lasted 00:00:28 (224 turns).

lunkers the Skirmisher (Ogre Gladiator)              Turns: 224, Time: 00:00:29

Health: -2/22      AC:  3    Str: 17    XL:     1   Next: 60%
Magic:  1/1        EV: 10    Int:  9    God:
Gold:   0          SH:  0    Dex: 10    Spells: 0/0 levels left

rFire    . . .     SeeInvis .   a - +0 flail
rCold    . . .     Faith    .   (no shield)
rNeg     . . .     Spirit   .   b - +0 robe
rPois    .         Reflect  .   c - +0 hat
rElec    .         Harm     .   (no cloak)
rCorr    .         Rampage  .   (gloves unavailable)
Will     .....                  (boots unavailable)
Stlth    +.........             (no amulet)
HPRegen  0.07/turn              (no ring)
MPRegen  0.07/turn              (no ring)

@: no status effects
A: large, unfitting armour, tough skin 1
a: no special abilities


You were on level 1 of the Dungeon.
You visited 1 branch of the dungeon, and saw 1 of its levels.

Inventory:

Hand Weapons
 a - a +0 flail (weapon)
Missiles
 d - 3 throwing nets {=f}
 e - 8 stones
Armour
 b - a +0 robe (worn)
 c - a +0 hat (worn)
Scrolls
 f - a scroll of identify {unknown}


   Skills:
 + Level 2.9 Fighting
 * Level 2.9 Maces & Flails
 - Level 2.0 Throwing
 - Level 2.6 Dodging


You couldn't memorise any spells.
You didn't know any spells.
Your spell library was empty.

Dungeon Overview and Level Annotations

Branches:
Dungeon (1/15)

Altars:


Innate Abilities, Weirdness & Mutations

You are too large for most types of armour.
You have tough skin. (AC +1)


Message History

You kill the hobgoblin!
You hit the kobold.
The kobold is heavily wounded.
The kobold barely misses you. The kobold closely misses you.
You miss the kobold.
The kobold is heavily wounded.
The kobold closely misses you.
You hit the kobold.
You kill the kobold!
Things that are here:
a +0 dagger; a +0 dagger; a hobgoblin corpse
e - 8 stones HP restored.
f - a scroll labelled NUIDER OR SORA A goblin comes into view.
It is wielding a +0 dagger.
The goblin shouts!
The goblin moves out of view.
A goblin is nearby!
You closely miss the goblin.
A hobgoblin comes into view.
The goblin hits you with a +0 dagger.
You closely miss the goblin.
The hobgoblin shouts!
The goblin hits you with a +0 dagger.
* * * LOW HITPOINT WARNING * * *
You barely miss the goblin. The goblin hits you with a +0 dagger.
* * * LOW HITPOINT WARNING * * *
The goblin barely misses you.
You barely miss the goblin. The goblin hits you with a +0 dagger.
* * * LOW HITPOINT WARNING * * *
You completely miss the goblin. The goblin hits you with a +0 dagger.
* * * LOW HITPOINT WARNING * * *
You hit the goblin.
The goblin is heavily wounded.
The goblin hits you with a +0 dagger.
* * * LOW HITPOINT WARNING * * *
You closely miss the goblin.
The goblin is heavily wounded.
The goblin hits you with a +0 dagger.
You die...

..##...#.#...........#
.........#####.......#
####.#...#...#..######
#.#.#.#.#.#..### ###
#.........#..#.. ..#
###.##.####..#.# #.#
#..........#.# #.#
####.####.#####.#.###.##
.....gg@.....)..........
#....####.#######.......
... #.# .......++'++ .
#.# ######.+.... #..
#.+.<.. ##. #.+.... ..
..+.... #. #.+++++ ..


You could see a hobgoblin and a goblin.

Vanquished Creatures
  A goblin (D:1)
  A hobgoblin (D:1)
  A kobold (D:1)
3 creatures vanquished.

Notes
Turn   | Place    | Note
-------+----------+-------------------------------------------
     0 | D:1      | lunkers the Ogre Gladiator began the quest for the Orb.
     0 | D:1      | Reached XP level 1. HP: 22/22 MP: 1/1
   223 | D:1      | HP: 1/22 [goblin/+0 dagger (1)]
   224 | D:1      | Slain by a goblin

Illustrated notes

Levels and vault maps discovered:
D:1:      lightli_arrival_maybe_door_vault, layout_basic

Action                   || total
-------------------------++-------
Melee: Flail             ||    16
Armor: Robe              ||     1
Dodge: Dodged            ||     7

Table legend: (Time is in decaauts)
 A = Elapsed time spent in this place.
 B = Non-inter-level travel time spent in this place.
 C = Inter-level travel time spent in this place.
 D = Time resting spent in this place.
 E = Time spent auto-exploring this place.
 F = Levels seen in this place.
 G = Mean time per level.
                   A        B        C        D        E       F      G
               +--------+--------+--------+--------+--------+-----+--------+
         Total |    227 |    227 |      0 |      0 |    188 |   1 |  227.0 |
       Dungeon |    227 |    227 |      0 |      0 |    188 |   1 |  227.0 |
               +--------+--------+--------+--------+--------+-----+--------+

Top non-repeatable levels by time:
     D:1: 227 daAuts
